 Dungeon Crawl Stone Soup version 0.31.0-11-ge490571c62 (webtiles) character file.

Game seed: 9274969007159603219

46 Flugkiller the Firebug (level 3, 0/26 HPs)
             Began as a Ghoul Fire Elementalist on Jan 29, 2024.
             Slain by a kobold
             ... wielding a +3 dagger
              (6 damage)
             ... on level 2 of the Dungeon.
             The game lasted 00:01:15 (1020 turns).

Flugkiller the Firebug (Ghoul Fire Elementalist)    Turns: 1020, Time: 00:01:16

Health: 0/26       AC:  2    Str: 17    XL:     3   Next: 68%
Magic:  0/6        EV: 12    Int: 16    God:
Gold:   13         SH:  0    Dex:  9    Spells: 5/6 levels left

rFire   . . .        (no weapon)
rCold   + . .        (no shield)
rNeg    + + +        a - +0 robe
rPois   ∞            (no helmet)
rElec   .            (no cloak)
rCorr   .            (no gloves)
SInv    .            (no boots)
Will    .....        (no amulet)
Stlth   ++           i - +6 ring of strength
HPRegen 0.00/turn    (no ring)
MPRegen 0.10/turn

%: no passive effects
@: inhibited regen
A: claws 1, cold resistance 1, negative energy resistance 3, inhibited
regeneration, torment resistance 2, devour on kill
a: no special abilities


You were on level 2 of the Dungeon.
You visited 1 branch of the dungeon, and saw 2 of its levels.

You collected 13 gold pieces.

Inventory:

Armour
 a - a +0 robe (worn)
Jewellery
 f - a ring of ice
   (You found it on level 1 of the Dungeon)
 i - a +6 ring of strength (left claw)
   (You found it on level 2 of the Dungeon)
Scrolls
 c - a scroll of teleportation {unknown}
Potions
 b - a potion of magic
 d - a potion of lignification
 g - a potion of ambrosia
 h - a potion of enlightenment


   Skills:
 - Level 1.7 Dodging
 - Level 2.1 Stealth
 + Level 2.2 Spellcasting
 + Level 1.4 Conjurations
 * Level 3.2 Fire Magic


You had 5 spell levels left.
You knew the following spells:

 Your Spells              Type           Power      Damage    Failure   Level
a - Foxfire               Conj/Fire      36%        2x1d5     8%          1

Your spell library contained the following spells:

 Spells                   Type           Power      Damage    Failure   Level
 Scorch                   Fire           24%        2d6       9%          2
 Inner Flame              Hex/Fire       6%         N/A       32%         3
 Volatile Blastmotes      Fire/Tloc      12%        2d11      32%         3
 Flame Wave               Conj/Fire      9%         2d6       61%         4


Dungeon Overview and Level Annotations

Branches:
Dungeon (2/15) Zot: 10977

Altars:


Innate Abilities, Weirdness & Mutations

You are immune to poison.
You have sharp fingernails.
Your flesh is cold resistant. (rC+)
You are immune to negative energy. (rN+++)
You do not regenerate when monsters are visible.
You are immune to unholy pain and torment.
You thrive by killing the living.


Message History

A goblin is nearby!
Unknown command.
A goblin is nearby!
Casting: Foxfire (safe; 8% risk of failure)
Confirm with . or Enter, or press ? or * to list all spells.
You conjure some foxfire!
Your foxfire dissipates!
Casting: Foxfire (safe; 8% risk of failure)
Confirm with . or Enter, or press ? or * to list all spells.
You don't have enough magic to cast this spell.
Casting: Foxfire (safe; 8% risk of failure)
Confirm with . or Enter, or press ? or * to list all spells.
You don't have enough magic to cast this spell.
The foxfire hits the goblin.
You kill the goblin!
c - a scroll labelled NUMOR ZEOFRUNE
Okay, then.
Found a stone staircase leading up.
You see here a +0 robe.
A ribbon worm comes into view.
There is a stone staircase leading down here.
A ribbon worm is nearby!
Okay, then.
Casting: Foxfire (safe; 8% risk of failure)
Confirm with . or Enter, or press ? or * to list all spells.
You conjure some foxfire!
Casting: Foxfire (safe; 8% risk of failure)
Confirm with . or Enter, or press ? or * to list all spells.
You don't have enough magic to cast this spell.
The foxfire hits the ribbon worm.
The ribbon worm is lightly wounded.
Unknown command.
The foxfire hits the ribbon worm.
The ribbon worm is lightly wounded.
Found a scroll of identify.
You see here 4 gold pieces.
The ribbon worm expels a string of sticky webbing.
The stream of webbing hits you but does no damage.
You are caught in a web!
Casting: Foxfire (safe; 8% risk of failure)
Confirm with . or Enter, or press ? or * to list all spells.
You miscast Foxfire.
You are very lightly contaminated with residual magic.
Nothing appears to happen.
The ribbon worm bites you!
The web tears apart.
You scratch the ribbon worm but do no damage.
The ribbon worm bites you.
You scratch the ribbon worm.
The ribbon worm is moderately wounded.
The ribbon worm bites you but does no damage.
You scratch the ribbon worm.
The ribbon worm is moderately wounded.
The ribbon worm bites you.
You barely miss the ribbon worm.
The ribbon worm is lightly wounded.
A bat comes into view.
The ribbon worm barely misses you.
You scratch the ribbon worm.
The ribbon worm is moderately wounded.
Your magical contamination has completely faded away.
You barely miss the ribbon worm.
The ribbon worm is moderately wounded.
The ribbon worm bites you. The bat attacks as it pursues you!
The bat barely misses you. x2
The ribbon worm expels a string of sticky webbing.
The stream of webbing misses you. The bat barely misses you.
A jackal comes into view.
There is a stone staircase leading down here.
You see here a +0 robe.
The bat hits you but does no damage. The bat hits you but does no damage.
The bat attacks as it pursues you! The bat hits you. x2
The bat closely misses you. The bat attacks as it pursues you!
The bat hits you. The bat misses you. The bat completely misses you.
A kobold comes into view. It is wielding a +3 dagger.
The bat misses you.
Casting: Foxfire (safe; 8% risk of failure)
Confirm with . or Enter, or press ? or * to list all spells.
You conjure some foxfire!
The kobold shouts!
The bat closely misses you.
Your foxfire dissipates!
The foxfire hits the bat.
You kill the bat!
You feel better.
The ribbon worm expels a string of sticky webbing.
The stream of webbing hits you but does no damage.
You are caught in a web!
There is a web here.
The web tears apart.
The kobold hits you with a +3 dagger.
Casting: Foxfire (safe; 8% risk of failure)
Confirm with . or Enter, or press ? or * to list all spells.
You conjure some foxfire!
The kobold hits you with a +3 dagger.
* * * LOW HITPOINT WARNING * * *
Casting: Foxfire (safe; 8% risk of failure)
Confirm with . or Enter, or press ? or * to list all spells.
You conjure some foxfire!
The kobold hits you with a +3 dagger.
You die...

..#.###.....#
#.......#####
..##.†..##
#........#########
#.....†......>...(
.......#.w########
.........#.##
#.........#.K##
##.........##v@#######.
.........†...vvv.......
##.........###.÷(.####
...........###..÷..##
#..............<...#
#.........##....(..#
#.........##.......#
#.........###.....##
##.......###....<..#


You could see a ribbon worm and a kobold (ally target).

Vanquished Creatures
  An adder (D:2)
  2 dart slugs (D:1)
  3 bats
  An endoplasm (D:2)
  2 giant cockroaches (D:2)
  6 goblins
  4 hobgoblins
  3 kobolds
  3 quokkas
  2 ball pythons (D:1)
  A frilled lizard (D:2)
  2 rats (D:2)
30 creatures vanquished.

Vanquished Creatures (others)
  78 foxfires
78 creatures vanquished.

Grand Total: 108 creatures vanquished

Notes
Turn   | Place    | Note
-------+----------+-------------------------------------------
     0 | D:1      | Flugkiller the Ghoul Fire Elementalist began the quest for
                  | the Orb.
     0 | D:1      | Reached XP level 1. HP: 14/14 MP: 3/3
   119 | D:1      | Found a faded altar of an unknown god.
   144 | D:1      | Reached skill level 1 in Conjurations
   144 | D:1      | Reached XP level 2. HP: 18/20 MP: 0/4
   658 | D:2      | Reached XP level 3. HP: 20/26 MP: 2/6
   659 | D:2      | Reached skill level 3 in Fire Magic
  1020 | D:2      | Slain by a kobold

Illustrated notes

Levels and vault maps discovered:
D:1:      dpeg_arrival_arbitrary_b, layout_basic,
          ebering_ecumenical_altar_ruins, nicolae_figureground_sparkle
D:2:      layout_rooms

Skill      XL: |  1  2  3 |
---------------+----------+-----
Conjurations   | 1 |  1.4
Spellcasting   | 2 |  2.2
Fire Magic     | 3 |  3.2
Dodging        | |  1.7
Stealth        | |  2.1

Action                     || total
---------------------------++-------
  Melee: Unarmed           ||    18
   Cast: Foxfire           ||    46
    Use: Scroll            ||     4
 Armour: Robe              ||    28
  Dodge: Dodged            ||    33
